 Dungeon Crawl Stone Soup version 0.21.1-1-g345015fe64 (webtiles) character file.

51 Kohma the Grave Robber (level 3, -1/28 HPs)
             Began as a Hill Orc Necromancer on June 9, 2018.
             Slain by a jackal (2 damage)
             ... on level 2 of the Dungeon.
             The game lasted 00:11:44 (2406 turns).

Kohma the Grave Robber (Hill Orc Necromancer)       Turns: 2406, Time: 00:11:44

Health: -1/28      AC:  3    Str: 11    XL:     3   Next: 81%
Magic:  0/5        EV: 12    Int: 15    God:
Gold:   81         SH:  0    Dex: 11    Spells: 0/5 levels left

rFire    . . .     SeeInvis .   l - +1 dagger
rCold    . . .     Gourm    .   (no shield)
rNeg     . . .     Faith    .   a - +0 robe
rPois    .         Spirit   .   (no helmet)
rElec    .         Reflect  .   (no cloak)
rCorr    .         Harm     .   f - +0 pair of gloves
MR       .....                  (no boots)
Stlth    ++........             (no amulet)
HPRegen  0.09/turn              (no ring)
MPRegen  0.09/turn              (no ring)

@: very slightly contaminated
A: no striking features
a: no special abilities


You were on level 2 of the Dungeon.
You were hungry.

You visited 1 branch of the dungeon, and saw 3 of its levels.

You collected 81 gold pieces.

Inventory:

Hand Weapons
 l - a +1 dagger (weapon)
Missiles
 d - 2 tomahawks
 h - 22 bolts
 k - 68 stones (quivered)
Armour
 a - a +0 robe (worn)
 f - a +0 pair of gloves (worn)
Jewellery
 n - a cursed ring of loudness {unknown}
Potions
 g - a potion of lignification {unknown}
 i - 2 potions of heal wounds
Books
 b - a book of Necromancy

   Spells                             Type                      Level
   a - Pain                           Necromancy                   1
   b - Animate Skeleton               Necromancy                   1
   c - Vampiric Draining              Necromancy                   3
   d - Regeneration                   Charms/Necromancy            3
   e - Animate Dead                   Necromancy                   4
   f - Borgnjor's Vile Clutch         Necromancy/Earth             5
 e - a book of Callings

   Spells                             Type                      Level
   a - Summon Small Mammal            Summoning                    1
   b - Call Imp                       Summoning                    2
   c - Call Canine Familiar           Summoning                    3
   d - Summon Guardian Golem          Hexes/Summoning              3
   e - Summon Lightning Spire         Summoning/Air                4
   f - Summon Ice Beast               Ice/Summoning                4
Comestibles
 c - a ration
 j - a chunk of flesh


   Skills:
 + Level 1.3 Fighting
 * Level 1.6 Armour
 - Level 1.6 Dodging
 - Level 1.6 Stealth
 + Level 1.9 Spellcasting
 * Level 4.5 Necromancy


You couldn't memorise any spells.
You knew the following spells:

 Your Spells              Type           Power        Failure   Level  Hunger
a - Pain                  Necr           ##..         3%          1    ##.....
b - Animate Skeleton      Necr           N/A          3%          1    ##.....
c - Regeneration          Chrm/Necr      #.........   26%         3    ####...


Dungeon Overview and Level Annotations

Branches:
Dungeon (3/15)

Altars:

Annotations:
D:3 Zneb's ghost, amateur GrEE


Message History

Casting: Pain
Confirm with . or Enter, or press ? or * to list all spells.
You don't have enough magic to cast that spell.
Unknown command.
There is an open door here.
The jackal barely misses you.
The jackal bites you but does no damage.
There is an open door here.
The jackal barely misses you. The jackal bites you.
* * * LOW HITPOINT WARNING * * *
Casting: Pain
Confirm with . or Enter, or press ? or * to list all spells.
Aiming: Pain
Press: ? - help, Shift-Dir - straight line, f - jackal
Aim: a jackal (chance to defeat MR: 85%)
The jackal writhes in agony!
The jackal bites you.
* * * LOW HITPOINT WARNING * * *
The jackal bites you.
You die...

##.......## ##..# #.
##.....## ##.# #.
##...## #..# #.
##'## #.## #.
#.#########.# #.
#######.#.......#.#
##
........#.#####.#.#
######..h.# #.#.#
##...@.### #.#.#
#.........###.#.#
....###.#.#.......#
#### #.#.#####.###
#.#....>..#
..#######.#########
######......<..#
##...##########.####
...................#


You could see a jackal.

Vanquished Creatures
  2 adders
  A dart slug (D:2)
  An orc (D:3)
  2 giant cockroaches (D:1)
  2 goblins
  2 hobgoblins
  2 jackals (D:2)
  3 kobolds (D:1)
  5 bats
  3 frilled lizards
  9 rats
32 creatures vanquished.

Vanquished Creatures (collateral kills)
  A bat (D:1)
1 creature vanquished.

Grand Total: 33 creatures vanquished

Notes
Turn   | Place    | Note
-------+----------+-------------------------------------------
     0 | D:1      | Kohma the Hill Orc Necromancer began the quest for the Orb.
     0 | D:1      | Reached XP level 1. HP: 14/14 MP: 3/3
     2 | D:1      | Learned a level 1 spell: Animate Skeleton
   283 | D:1      | Reached XP level 2. HP: 22/22 MP: 2/4
   817 | D:1      | Reached skill level 1 in Armour
  1246 | D:1      | Reached XP level 3. HP: 24/27 MP: 1/5
  1286 | D:1      | Learned a level 3 spell: Regeneration
  1695 | D:3      | Reached skill level 1 in Fighting
  1919 | D:3      | Noticed Zneb's ghost (amateur GrEE)
  2404 | D:2      | HP: 1/28 [jackal (1)]
  2406 | D:2      | Slain by a jackal

Skill      XL: |  1  2  3 |
---------------+----------+-----
Armour         | 1 |  1.6
Fighting       | 1 |  1.3
Dodging        | |  1.6
Stealth        | |  1.6
Spellcasting   | |  1.9
Necromancy     | |  4.5

Action                   || total
-------------------------++-------
Melee: Short sword       ||     5
       Dagger            ||    36
Throw: Stone             ||     3
 Cast: Pain              ||    53
       Animate Skeleton  ||    10
       Regeneration      ||     1
  Use: Scroll            ||     6
 Stab: Sleeping          ||     1
  Eat: Chunk             ||     2
       Ration            ||     1
Armor: Robe              ||    24
Dodge: Dodged            ||    64
